 Dungeon Crawl Stone Soup version 0.31.0-11-ge490571c62 (webtiles) character file.

Game seed: 4211385719695936154

3266 iamserjio the Cleaver (level 9, -6/83 HPs)
             Began as a Minotaur Berserker on Feb 4, 2024.
             Was an Elder of Trog.
             Mangled by a death yak (12 damage)
             ... on level 9 of the Dungeon.
             The game lasted 00:05:07 (7354 turns).

iamserjio the Cleaver (Minotaur Berserker)          Turns: 7354, Time: 00:05:08

Health: -6/83      AC: 10    Str: 26    XL:     9   Next: 68%
Magic:  17/17      EV:  9    Int:  8    God:    Trog [****..]
Gold:   458        SH:  9    Dex: 10    Spells: 8/8 levels left

rFire   + . .        n - +0 war axe
rCold   . . .        J - +0 buckler
rNeg    + . .        B - +0 chain mail
rPois   .            (helmet restricted)
rElec   .            (no cloak)
rCorr   .            (no gloves)
SInv    .            (no boots)
Will    +....        v - amulet of reflection Stlth
                     f - ring of protection from fire
HPRegen 0.33/turn    E - ring "Doqitass" {rN+ Will+ MP+9 Int+4}
MPRegen 0.15/turn

%: reflection
@: on berserk cooldown, slowed, very slow
A: horns 2, retaliatory headbutt
a: Renounce Religion, Berserk, Trog's Hand, Brothers in Arms


You were on level 9 of the Dungeon.
You worshipped Trog.
Trog was greatly pleased with you.
You visited 1 branch of the dungeon, and saw 9 of its levels.

You collected 458 gold pieces.

Inventory:

Hand Weapons
 a - a +0 hand axe
 k - a +1 antimagic spear
 n - a +0 war axe (weapon)
 H - a +0 spear of freezing
Armour
 b - a +0 animal skin
 m - a +0 ring mail
 B - a +0 chain mail (worn)
 J - a +0 buckler (worn)
 K - a scarf of shadows
Jewellery
 c - a ring of resist corrosion
 f - a ring of protection from fire (left hand)
 o - a ring of willpower
 v - an amulet of reflection (around neck)
 E - the ring "Doqitass" (right hand) {rN+ Will+ MP+9 Int+4}
   (You took it off an orc priest on level 6 of the Dungeon)

   [ring of magical power]

   Int+4:     It affects your intelligence (+4).
   rN+:       It protects you from negative energy.
   Will+:     It increases your willpower.
   MP+9:      It affects your magic capacity (+9).
 F - an amulet of the acrobat
 L - an amulet of regeneration
Wands
 w - a wand of light (6)
 y - a wand of flame (26)
Scrolls
 d - a scroll of immolation
 e - 4 scrolls of vulnerability {unknown}
 g - 2 scrolls of amnesia {unknown}
 h - 9 scrolls of identify {unknown}
 j - 2 scrolls of enchant weapon {unknown}
 l - a scroll of torment {unknown}
 r - 2 scrolls of teleportation {unknown}
 t - a scroll of blinking {unknown}
 u - a scroll of noise {unknown}
 x - 3 scrolls of enchant armour {unknown}
 D - a scroll of brand weapon {unknown}
Potions
 i - 5 potions of heal wounds {unknown}
 p - 2 potions of mutation {unknown}
 q - 2 potions of lignification {unknown}
 s - a potion of haste {unknown}
 z - 2 potions of might {unknown}
 A - a potion of cancellation {unknown}
 C - 2 potions of berserk rage {unknown}
 G - a potion of degeneration {unknown}
 I - a potion of enlightenment {unknown}


   Skills:
 + Level 9.0 Fighting
 * Level 12.0 Axes
 + Level 6.4 Armour
 - Level 2.1 Dodging
 * Level 3.7 Shields
 + Level 2.9 Evocations


You had 8 spell levels left.
You didn't know any spells.
Your spell library was empty.

Dungeon Overview and Level Annotations

Branches:
Dungeon (9/15) Zot: 26979  Temple (0/1) D:5
   Lair: D:8-11         Orc: D:9-12

Altars:
Cheibriados
Dithmenos
Elyvilon
Makhleb
Qazlal
Wu Jian
Xom
Yredelemnul
Zin

Shops:
D:4 :   D:8 *

Annotations:
D:4 3 runed translucent doors, NitroKuite's ghost, amateur MiBe
D:6 2 runed translucent doors, Skimidon's ghost, novice VSBe


Innate Abilities, Weirdness & Mutations

You have a pair of horns on your head.
You reflexively headbutt those who attack you in melee.


Message History

You slash the death yak! You slice the death yak!! You hit the death yak.
The death yak gores you!!
The death yak gores you but does no damage.
The death yak gores you!!
* * * LOW HITPOINT WARNING * * *
You slice the death yak!!
You hit the death yak but do no damage. x2
You barely miss the death yak. The death yak barely misses you.
The death yak gores you!!
* * * LOW HITPOINT WARNING * * *
The death yak gores you!
* * * LOW HITPOINT WARNING * * *
You block the death yak's attack.
You hit the death yak but do no damage. You hit the death yak. x2
You slash the death yak!
You kill the death yak!
Trog accepts your kill.
Your Fighting skill increases to level 9!
Your Axes skill increases to level 12!
Your Shields skill increases to level 3!
Unknown command.
The death yak attacks as it pursues you!
The death yak gores you.
* * * LOW HITPOINT WARNING * * *
The death yak attacks as it pursues you!
The death yak closely misses you. You furiously retaliate!
You headbutt the death yak!
The death yak attacks as it pursues you!
The death yak gores you but does no damage.
You feel a strong urge to attack something.
You are no longer berserk.
You are exhausted.
You feel yourself slow down.
As you read the scroll labelled LECOTW KIAKOVI, it crumbles to dust.
The creatures around you are filled with an inner flame!
It was a scroll of immolation.
The death yak gores you but does no damage.
The death yak gores you!
* * * LOW HITPOINT WARNING * * *
The death yak gores you!
You die...

............../..
......#..........
.#....###.........
....#..#..........
......†...........
..........).......
..................
.........YY.......
####.....Y@.......
#.......Y........
...#.............
##...#...#<#......
#################


You could see 4 death yaks.

Vanquished Creatures
  A death yak (D:9)
  A two-headed ogre (D:8)
  A sky beast (D:7)
  3 centaurs
  2 phantoms
  2 bullfrogs
  2 gnoll sergeants
  2 scorpions (D:6)
  10 howler monkeys
  A bombardier beetle (D:4)
  A hound (D:7)
  4 orc priests
  3 jellies
  Ijyb (D:4)
  A gnoll bouda (D:6)
  A sleepcap (D:7)
  2 iguanas
  6 orc wizards
  6 adders
  16 gnolls
  2 shadow imps
  A dart slug (D:2)
  3 ribbon worms
  35 orcs
  5 bats
  4 endoplasms
  2 giant cockroaches (D:1)
  4 goblins
  8 hobgoblins
  4 quokkas
  7 ball pythons
  A frilled lizard (D:2)
  12 kobolds
  4 rats
  A spectral hobgoblin (D:3)
159 creatures vanquished.

Notes
Turn   | Place    | Note
-------+----------+-------------------------------------------
     0 | D:1      | iamserjio the Minotaur Berserker began the quest for the
                  | Orb.
     0 | D:1      | Reached XP level 1. HP: 19/19 MP: 0/0
   188 | D:1      | Reached skill level 4 in Axes
   220 | D:1      | Reached XP level 2. HP: 24/27 MP: 1/1
   801 | D:2      | Reached XP level 3. HP: 27/33 MP: 2/2
   870 | D:2      | Reached skill level 5 in Axes
   877 | D:2      | Reached XP level 4. HP: 9/41 MP: 3/3
  1890 | D:3      | Reached ** piety under Trog
  2050 | D:3      | Reached skill level 6 in Axes
  2306 | D:3      | Found a faded altar of an unknown god.
  2439 | D:3      | Reached XP level 5. HP: 47/47 MP: 4/4
  2506 | D:4      | Noticed NitroKuite's ghost (amateur MiBe)
  2506 | D:4      | Found the +10 zealot's sword {holy, Zealotry, *Rage rN+
                  | EV+3}
  2510 | D:4      | Found a runed translucent gate.
  2520 | D:4      | Found Raubaw's Book Emporium.
  2546 | D:4      | Found a basalt altar of Yredelemnul.
  2619 | D:4      | Reached skill level 5 in Fighting
  2684 | D:4      | Found a runed translucent gate.
  2696 | D:4      | Found a runed translucent gate.
  2783 | D:4      | Noticed a phantom
  2791 | D:4      | Killed a phantom
  2792 | D:4      | Reached skill level 7 in Axes
  2792 | D:4      | Reached XP level 6. HP: 44/57 MP: 5/5
  3054 | D:4      | Noticed Ijyb
  3070 | D:4      | Killed Ijyb
  3222 | D:4      | Found a white marble altar of Elyvilon.
  3441 | D:5      | Entered Level 5 of the Dungeon
  3488 | D:5      | Reached skill level 8 in Axes
  3585 | D:5      | Reached XP level 7. HP: 12/63 MP: 6/6
  4117 | D:5      | Reached *** piety under Trog
  4150 | D:5      | Found a staircase to the Ecumenical Temple.
  4678 | D:6      | Found a snail-covered altar of Cheibriados.
  4841 | D:6      | Identified the ring "Doqitass" {rN+ Will+ MP+9 Int+4}
  4885 | D:6      | Reached skill level 9 in Axes
  5107 | D:6      | Found a stormy altar of Qazlal.
  5118 | D:6      | Found a shadowy altar of Dithmenos.
  5143 | D:6      | Found a large runed translucent door.
  5143 | D:6      | Found a large runed translucent door.
  5147 | D:6      | Noticed Skimidon's ghost (novice VSBe)
  5237 | D:6      | Found a glowing silver altar of Zin.
  5378 | D:6      | Reached XP level 8. HP: 61/73 MP: 7/7
  5463 | D:6      | Found a shimmering altar of Xom.
  5870 | D:7      | Reached skill level 10 in Axes
  5988 | D:7      | Found an ornate altar of the Wu Jian Council.
  6372 | D:8      | Noticed a two-headed ogre
  6381 | D:8      | Killed a two-headed ogre
  6382 | D:8      | Reached skill level 11 in Axes
  6382 | D:8      | Reached skill level 5 in Armour
  6382 | D:8      | Reached skill level 1 in Evocations
  6382 | D:8      | Reached XP level 9. HP: 42/82 MP: 8/8
  6612 | D:8      | Reached **** piety under Trog
  6626 | D:8      | Reached skill level 1 in Shields
  6647 | D:8      | Found Rotozagi's General Store.
  7096 | D:8      | Found a burning altar of Makhleb.
  7098 | D:8      | Noticed a balrug
  7334 | D:9      | Noticed a death yak
  7335 | D:9      | Noticed a death yak
  7336 | D:9      | Noticed a death yak
  7337 | D:9      | Noticed a death yak
  7339 | D:9      | Noticed a death yak
  7350 | D:9      | Killed a death yak
  7351 | D:9      | Reached skill level 12 in Axes
  7354 | D:9      | Mangled by a death yak

Illustrated notes

Levels and vault maps discovered:
D:1:      saegor_arrival_simple_d, layout_basic
D:2:      layout_basic
D:3:      layout_loops_ring, dreamdust_ecumenical_altar_drowned_temple,
          minmay_misc_feat_four_crosses, minmay_fractal_squares_diagonal_5
D:4:      layout_gridville, kennysheep_ying_yang, serial_shops,
          nicolae_shop_pleasant_corner_grove, gammafunk_ghost_split, uniq_ijyb
D:5:      layout_basic, minmay_temple_entry_crystal_x
D:6:      layout_basic, mainiacjoe_overflow_alcove_2,
          nicolae_overflow_quartered_altars, ebering_ghost_disaster_area,
          corexii_checkpoint
D:7:      layout_cave_pools, nicolae_overflow_crystal_walls
D:8:      layout_gridville, makhleb_altar_promises_db, nicolae_take_the_stairs,
          nicolae_elevator_lobby_asterisk
D:9:      layout_big_octagon, dpeg_lair_monsters, minivault_11

Skill      XL: |  1  2  3  4  5  6  7  8  9 |
---------------+----------------------------+-----
Axes           | 4 5 6 7 8 9 11 12 | 12.0
Fighting       | 4 5 6 7 8 9 |  9.0
Armour         | 3 5 6 |  6.4
Evocations     | 1 2 |  2.9
Shields        | 3 |  3.7
Dodging        | |  2.1

Action                     |  1- 3 |  4- 6 |  7- 9 || total
---------------------------+-------+-------+-------++-------
  Melee: Hand axe          |    54 |    62 |       ||   116
         Headbutt          |     7 |    15 |    34 ||    56
         War axe           |       |    88 |   164 ||   252
         Punch             |       |     1 |     1 ||     2
 Invoke: Berserk           |     1 |     1 |     3 ||     5
  Evoke: Wand              |       |     2 |       ||     2
    Use: Scroll            |       |       |     1 ||     1
   Stab: Invisible         |       |     1 |       ||     1
 Armour: Animal skin       |    29 |    13 |       ||    42
         Ring mail         |       |    80 |     4 ||    84
         Chain mail        |       |       |   116 ||   116
  Dodge: Dodged            |    38 |    79 |    80 ||   197
  Block: Other             |       |       |    14 ||    14
         Buckler           |       |       |    22 ||    22
         Reflection        |       |       |     8 ||     8
